 Dungeon Crawl Stone Soup version 0.30-a0-371-gad7725a93e (webtiles) character file.

Game seed: 7162496109600728434

140 jfcaron the Conjurer (level 5, -5/30 HPs)
             Began as a Tengu Reaver on Nov 21, 2022.
             Killed from afar by Natasha (8 damage)
             ... with a puff of flame
             ... on level 3 of the Dungeon.
             The game lasted 00:07:14 (1772 turns).

jfcaron the Conjurer (Tengu Reaver)                 Turns: 1772, Time: 00:07:15

Health: -5/30      AC:  4    Str: 12    XL:     5   Next: 23%
Magic:  10/10      EV: 13    Int: 20    God:
Gold:   78         SH:  4    Dex: 12    Spells: 3/9 levels left

rFire   . . .      SeeInvis .    a - +0 mace (venom)
rCold   . . .      Faith    .    g - +0 buckler
rNeg    . . .      Spirit   .    k - +1 leather armour "Dorutzi" {Int+4}
rPois   .          Reflect  .    (helmet restricted)
rElec   .          Harm     .    (no cloak)
rCorr   +          Rampage  .    (no gloves)
Will    .....                    (boots unavailable)
Stlth   +.........               (no amulet)
HPRegen 0.25/turn                e - ring of resist corrosion
MPRegen 0.12/turn                (no ring)

@: weak-willed, flying quickly and evasively, quick
A: beak, talons 3, nimble flight
a: no special abilities


You were on level 3 of the Dungeon.
You visited 1 branch of the dungeon, and saw 3 of its levels.

You collected 78 gold pieces.

Inventory:

Hand Weapons
 a - a +0 mace of venom (weapon)
 h - a +0 mace of protection
 i - a +3 short sword of electrocution
Missiles
 c - 12 stones
 j - 4 javelins
Armour
 g - a +0 buckler (worn)
 k - the +1 leather armour "Dorutzi" (worn) {Int+4}
   (You found it on level 2 of the Dungeon)

   Int:       It affects your intelligence (+4).
Magical Staves
 d - a staff of conjuration
Jewellery
 e - a ring of resist corrosion (left hand)
Potions
 b - 2 potions of flight
 f - 2 potions of heal wounds
 l - a potion of lignification {unknown}
 m - a potion of invisibility {unknown}
 n - 2 potions of resistance {unknown}


   Skills:
 - Level 2.0 Fighting
 + Level 0.9(2.2) Axes
 - Level 3.2(3.3) Maces & Flails
 - Level 2.1 Dodging
 * Level 2.0 Shields
 + Level 2.8 Spellcasting
 + Level 5.3 Conjurations
 * Level 1.7 Ice Magic


You had 3 spell levels left.
You knew the following spells:

 Your Spells              Type           Power      Damage    Failure   Level
a - Kiss of Death         Conj/Necr      52%        2d9       9%          1
b - Momentum Strike       Conj/Tloc      26%        3d8       13%         2
c - Hailstorm             Conj/Ice       16%        3d6       19%         3

Your spell library contained the following spells:

 Spells                   Type           Power      Damage    Failure   Level
 Kindle Blastsparks       Fire/Tloc/Air  4%         2d10      58%         3
 Fulminant Prism          Conj/Hex       6%         3d7       63%         4
 Iskenderun's Mystic Bla  Conj/Tloc      13%        2d5       63%         4
 Lee's Rapid Deconstruct  Erth           1%         3d4*      100%        5


Dungeon Overview and Level Annotations

Branches:
Dungeon (3/15)

Altars:
The Shining One

Shops:
D:1 (   D:2 (

Annotations:
D:3 Natasha


Innate Abilities, Weirdness & Mutations

You have a beak for a mouth.
You have claws for feet.
Your magical nature lets you fly swiftly and evasively.


Message History

The adder is heavily wounded.
The adder bites you but does no damage.
You hit the adder.
The adder is poisoned.
Your kick misses the adder.
The adder is severely wounded.
You kill the adder!
Your Shields skill increases to level 2!
No target in view!
No target in view!
You see here an adder corpse.
Found an escape hatch in the ceiling.
Natasha, Servant of Life and Death comes into view.
She is carrying a wand of flame (14).
Natasha hisses angrily.
Natasha zaps a wand.
The puff of flame hits you!
You see here a scroll of identify.
You closely miss Natasha. Your kick misses Natasha. Natasha claws you.
Natasha casts a spell.
You closely miss Natasha.
Natasha stares at you and mumbles some strange words.
The magic dart hits you. The shadow imp gestures at you.
You barely resist. You hit Natasha but do no damage.
Natasha is poisoned.
You claw Natasha. You peck Natasha, but do no damage.
Natasha is lightly wounded.
Natasha stares at you and mumbles some strange words.
The magic dart hits you. The shadow imp barely misses you.
You hit Natasha but do no damage.
Natasha is moderately wounded.
Natasha stares at you and mumbles some strange words.
The magic dart hits you.
* * * LOW HITPOINT WARNING * * *
The shadow imp misses you.
Unknown command.
You hit Natasha. You peck Natasha, but do no damage.
Natasha is severely wounded.
Natasha claws you.
* * * LOW HITPOINT WARNING * * *
The shadow imp hits you but does no damage.
Natasha zaps a wand.
The puff of flame hits you!
You die...

. #. .... ..< ###
### .#. ....
#...... ..
.....##.#.#.####.##
#......5h.#.##....
#@###.##.#.####..
#.....##.#.......
######...†...#
#.#.###.# #.#.## #
#.#..# .# #.##.##.#
#...[...# #.......#


You could see Natasha (poisoned) and a shadow imp (summoned).

Vanquished Creatures
  2 jellies (D:3)
  An orc wizard (D:3)
  An adder (D:3)
  3 worms
  3 orcs (D:3)
  3 bats
  4 endoplasms
  19 giant cockroaches
  A goblin (D:1)
  5 hobgoblins
  4 jackals
  3 quokkas
  2 ball pythons (D:1)
  7 frilled lizards
  3 kobolds
  4 rats
65 creatures vanquished.

Notes
Turn   | Place    | Note
-------+----------+-------------------------------------------
     0 | D:1      | jfcaron the Tengu Reaver began the quest for the Orb.
     0 | D:1      | Reached XP level 1. HP: 12/12 MP: 4/4
    97 | D:1      | Found Caimuz's Weapon Boutique.
   104 | D:1      | Reached XP level 2. HP: 17/17 MP: 6/6
   107 | D:1      | Learned a level 2 spell: Momentum Strike
   521 | D:1      | Reached XP level 3. HP: 20/21 MP: 7/7
   678 | D:1      | Learned a level 3 spell: Hailstorm
   758 | D:2      | Found a faded altar of an unknown god.
   760 | D:2      | Identified the +1 leather armour "Dorutzi" {Int+4}
   798 | D:1      | Reached skill level 5 in Conjurations
   986 | D:2      | Reached skill level 1 in Shields
  1001 | D:2      | Reached XP level 4. HP: 24/26 MP: 8/8
  1055 | D:2      | Reached skill level 1 in Ice Magic
  1151 | D:2      | Found a glowing golden altar of the Shining One.
  1254 | D:2      | Found Ytunos's Weapon Emporium.
  1632 | D:3      | Gained mutation: Your magical nature lets you fly swiftly
                  | and evasively. [Tengu growth]
  1632 | D:3      | Reached XP level 5. HP: 19/30 MP: 6/10
  1766 | D:3      | Noticed Natasha
  1772 | D:3      | HP: 3/30 [Natasha (6)]
  1772 | D:3      | Killed from afar by Natasha

Illustrated notes

Levels and vault maps discovered:
D:1:      mainiacjoe_arrival_reflecting_pool, layout_basic, serial_shops,
          nicolae_shop_advertising_works [nicolae_subvault_shop_adworks]
D:2:      minmay_roachtagon, layout_rooms, basic_altar,
          hellmonk_ecumenical_altar_dog_temple, serial_shops,
          nicolae_shop_bloodbath_and_beyond, minmay_misc_feat_rugged
D:3:      layout_loops_cross, uniq_natasha

Skill      XL: |  1  2  3  4  5 |
---------------+----------------+-----
Conjurations   | 5 |  5.3
Shields        | 1 2 |  2.0
Ice Magic      | 1 |  1.7
Fighting       | |  2.0
Axes           | |  0.9
Maces & Flails | |  3.2
Dodging        | |  2.1
Spellcasting   | |  2.8

Action                   |  1- 3 |  4- 6 || total
-------------------------+-------+-------++-------
Melee: Mace              |   113 |    47 ||   160
       Kick              |    21 |    12 ||    33
       Peck              |    13 |     9 ||    22
       Punch             |     1 |       ||     1
Throw: Stone             |     1 |       ||     1
 Cast: Momentum Strike   |     1 |     2 ||     3
       Hailstorm         |       |     1 ||     1
  Use: Scroll            |     1 |     5 ||     6
 Stab: Distracted        |     1 |       ||     1
Armor: Leather armour    |    64 |    11 ||    75
Dodge: Dodged            |    90 |    18 ||   108
Block: Buckler           |    22 |     5 ||    27

Table legend: (Time is in decaauts)
 A = Elapsed time spent in this place.
 B = Non-inter-level travel time spent in this place.
 C = Inter-level travel time spent in this place.
 D = Time resting spent in this place.
 E = Time spent auto-exploring this place.
 F = Levels seen in this place.
 G = Mean time per level.
                   A        B        C        D        E       F      G
               +--------+--------+--------+--------+--------+-----+--------+
         Total |   1809 |   1764 |     45 |    217 |   1067 |   3 |  603.0 |
       Dungeon |   1809 |   1764 |     45 |    217 |   1067 |   3 |  603.0 |
               +--------+--------+--------+--------+--------+-----+--------+

Top non-repeatable levels by time:
     D:1: 769 daAuts
     D:2: 556 daAuts
     D:3: 484 daAuts
